[Event "Team 45 45 League T41"]
[Site "Internet Chess Club"]
[Date "2009.06.06"]
[Round "6"]
[White "FutureCGA"]
[Black "chessateer"]
[Result "1/2-1/2"]
[WhiteElo "1982"]
[BlackElo "1835"]
[Opening "Scotch gambit: Benima defense"]
[ECO "C44"]
[Time "13:00:02"]
[TimeControl "2700+45"]

1. e4 e5 2. Nf3 Nc6 3. d4 exd4 4. Bc4 Be7 5. c3 d3 6. Qxd3 d6 7. Bf4 Nf6 8. h3
O-O 9. Nbd2 Na5 10. Bb3 Nxb3 11. axb3 Bd7 12. g4 Re8 13. O-O h5 14. g5 Nh7 15.
h4 Bh3 16. Rfe1 Qd7 17. Nd4 Qg4+ 18. Bg3 Bxg5 19. Kh2 Bxd2 20. Qxd2 Qd7 21. f4
Bg4 22. Qg2 a5 23. Nc2 b6 24. Ne3 Nf6 25. e5 dxe5 26. fxe5 Nh7 27. Nxg4 Qxg4 28.
e6 fxe6 29. Ra4 Qf5 30. Bxc7 Nf6 31. Bxb6 Ng4+ 32. Kh1 Qb5 33. Bc7 Qxb3 34. Rxa5
Rxa5 35. Bxa5 Rf8 36. Bb4 Rf2 37. Qa8+ Kh7 38. Qe4+ Kh8 39. Qa8+ Kh7 40. Qe4+
{Game drawn by mutual agreement} 1/2-1/2

[Event "Team 45 45 League T41"]
[Site "Internet Chess Club"]
[Date "2009.06.09"]
[Round "6"]
[White "ddlj81"]
[Black "Portola"]
[Result "1-0"]
[WhiteElo "1871"]
[BlackElo "1679"]
[Opening "French: Rubinstein variation"]
[ECO "C10"]
[Time "23:02:06"]
[TimeControl "2700+45"]

1. e4 e6 2. d4 d5 3. Nc3 dxe4 4. Nxe4 Be7 5. Nf3 Nd7 6. Bd3 Ngf6 7. c4 O-O 8.
O-O b6 9. Nxf6+ Nxf6 10. Bc2 Bb7 11. Be3 Qd6 12. Ne5 Rad8 13. Qe2 c5 14. Rfd1
Qc7 15. a3 Ba8 16. Kh1 cxd4 17. Bxd4 Bd6 18. f3 Rfe8 19. Rac1 Nh5 20. Qd3 g6 21.
Qe3 Bc5 22. Bxc5 Qxc5 23. Qxc5 bxc5 24. Nd7 Kg7 25. Nxc5 Bc6 26. b4 g5 27. Be4
Bxe4 28. Nxe4 h6 29. Nd6 Rf8 30. c5 Nf6 31. c6 Nd5 32. Nb7 Rc8 33. b5 f5 34. Nc5
Kf7 35. Re1 Rfe8 36. g4 f4 37. Nb7 Ke7 38. Rcd1 Ne3 39. Rd7+ {Black forfeits on
time} 1-0

[Event "Team 45 45 League T41"]
[Site "Internet Chess Club"]
[Date "2009.06.08"]
[Round "6"]
[White "frankd"]
[Black "touchthis"]
[Result "0-1"]
[WhiteElo "1496"]
[BlackElo "1874"]
[Opening "French: King's Indian attack"]
[ECO "C00"]
[Time "23:30:12"]
[TimeControl "2700+45"]

1. e4 e6 2. d3 d5 3. Nd2 Nf6 4. Ngf3 b6 5. c3 dxe4 6. dxe4 Bb7 7. Qe2 Nc6 8. g3
a5 9. Qb5 Qd7 10. Qa4 Na7 11. Qxd7+ Nxd7 12. Bg2 Nc6 13. O-O e5 14. Re1 Be7 15.
b3 O-O-O 16. Nf1 h6 17. Ne3 Nf6 18. Nf5 Bf8 19. a4 g6 20. N5h4 Bc5 21. Ba3 Bxa3
22. Rxa3 Rd3 23. c4 Nb4 24. Nxe5 Rd2 25. Nhf3 Rb2 26. Nxf7 Rh7 27. N7e5 Nc2 28.
Nd3 Nxe1 29. Nxb2 Nxg2 30. Kxg2 Bxe4 31. Nd1 Rd7 32. Nc3 Bb7 33. Ne2 Rd2 34. Ng1
Ng4 35. Nh3 Ne5 36. Ng1 g5 37. h3 Nd3 38. Kf1 Rxf2# {White checkmated} 0-1

[Event "Team 45 45 League T41"]
[Site "Internet Chess Club"]
[Date "2009.06.04"]
[Round "6"]
[White "parrot9"]
[Black "tryanything"]
[Result "1-0"]
[WhiteElo "1768"]
[BlackElo "1531"]
[Opening "Ruy Lopez: Schliemann defense, Berger variation"]
[ECO "C63"]
[Time "18:00:35"]
[TimeControl "2700+45"]

1. e4 e5 2. Nf3 Nc6 3. Bb5 f5 4. Nc3 Nf6 5. exf5 d6 6. O-O Bxf5 7. d4 Bd7 8.
Bxc6 Bxc6 9. dxe5 Bxf3 10. Qxf3 dxe5 11. Qxb7 Bd6 12. Qc6+ Kf8 13. Bg5 Rb8 14.
b3 h6 15. Bh4 Rb6 16. Qf3 Kf7 17. Rad1 Rf8 18. Nd5 Rb8 19. Nxf6 gxf6 20. Rfe1
Qe7 21. Qh5+ Kg7 22. Re3 Qf7 23. Rg3+ Kh7 24. Qf5+ Kh8 25. Rg6 {Black resigns}
1-0

[Event "Team 45 45 League T41"]
[Site "Internet Chess Club"]
[Date "2009.06.04"]
[Round "6"]
[White "markgravitygood"]
[Black "Spencer"]
[Result "1-0"]
[WhiteElo "1923"]
[BlackElo "1756"]
[Opening "Dutch defense, Blackburne variation"]
[ECO "A81"]
[Time "18:16:53"]
[TimeControl "2700+45"]

1. d4 f5 2. g3 Nf6 3. Bg2 e6 4. Nh3 d6 5. O-O Be7 6. c4 O-O 7. Nc3 Nbd7 8. Nf4
Nb6 9. Qb3 c6 10. d5 e5 11. dxc6 bxc6 12. c5+ d5 13. cxb6 exf4 14. b7 Bxb7 15.
Qxb7 Qe8 16. Bxf4 Qh5 17. Qxe7 g5 18. Bc7 Rf7 19. Qd6 Raf8 20. Bd8 Rd7 21. Qe6+
Rdf7 22. Bxf6 Qg6 23. Nxd5 cxd5 24. Bxd5 h6 25. f4 Kh7 26. Bc3 Qh5 27. Qe5 Rf6
28. Qe7+ R6f7 29. Bxf7 Rxf7 30. Qe8 {Black resigns} 1-0

[Event "Team 45 45 League T41"]
[Site "Internet Chess Club"]
[Date "2009.06.07"]
[Round "6"]
[White "Scotty62"]
[Black "ZacAttack99"]
[Result "0-1"]
[WhiteElo "1547"]
[BlackElo "1475"]
[Opening "Sicilian: Pelikan (Lasker/Sveshnikov) variation"]
[ECO "B33"]
[Time "17:00:12"]
[TimeControl "2700+45"]

1. e4 c5 2. Nf3 Nc6 3. d4 cxd4 4. Nxd4 Nf6 5. Nc3 e5 6. Ndb5 d6 7. Bg5 Be6 8. f3
a6 9. Bxf6 gxf6 10. Na3 b5 11. Nd5 f5 12. Qd2 fxe4 13. fxe4 Qh4+ 14. Kd1 Bg4+
15. Be2 Bxe2+ 16. Qxe2 Rc8 17. g3 Qh6 18. Qg4 Na7 19. c3 Be7 20. Kc2 Qg6 21.
Qxg6 fxg6 22. Raf1 a5 23. Rf3 b4 24. Nb1 Nb5 25. Kd1 bxc3 26. Nbxc3 Nd4 27. Nxe7
Kxe7 28. Nd5+ Ke8 29. Rf6 Rf8 30. Rhf1 Rxf6 31. Rxf6 Rc2 32. Rxd6 Rxb2 33. a4
Rxh2 34. Nc3 Rg2 35. Rd5 Rxg3 36. Rxe5+ Kf7 37. Nd5 Rg1+ {White resigns} 0-1

[Event "Team 45 45 League T41"]
[Site "Internet Chess Club"]
[Date "2009.06.05"]
[Round "6"]
[White "Blade"]
[Black "FutureCGA"]
[Result "1/2-1/2"]
[WhiteElo "2146"]
[BlackElo "1967"]
[Opening "King's Indian, 3.Nf3"]
[ECO "E60"]
[Time "16:00:24"]
[TimeControl "2700+45"]

1. d4 Nf6 2. Nf3 g6 3. c4 Bg7 4. g3 O-O 5. Bg2 d6 6. O-O c6 7. Nc3 Nbd7 8. Bg5
h6 9. Bf4 g5 10. Bc1 Nb6 11. b3 Bf5 12. a4 Qc7 13. Bb2 e5 14. c5 dxc5 15. dxc5
Nbd7 16. Qd6 Ne8 17. Qxc7 Nxc7 18. e4 Bg6 19. b4 a5 20. Rfd1 Rfd8 21. Bh3 Ne6
22. Bxe6 fxe6 23. Ba3 axb4 24. Bxb4 Kf7 25. h3 Kf6 26. Rd2 h5 27. Rad1 Be8 28.
Ba3 g4 29. hxg4 hxg4 30. Nh2 Kg5 31. Kg2 Bf8 32. f3 gxf3+ 33. Nxf3+ Kf6 34. g4
Bh6 35. Rd3 Bf4 36. g5+ Ke7 37. Kh3 Nf8 38. Kg4 Nh7 39. Rxd8 Rxd8 40. Rb1 Rd7
41. Ne2 Be3 42. Nxe5 Nxg5 43. Rb3 Bd2 44. Bb4 Nxe4 45. Nxd7 Bxd7 46. Bxd2 e5+
47. Kh5 Nxd2 48. Rxb7 Ne4 49. a5 Nxc5 50. Rb6 Kd6 51. a6 Nxa6 52. Rxa6 Kd5 53.
Kg5 c5 54. Nc3+ Kc4 55. Rd6 Kxc3 56. Rxd7 c4 57. Kf5 Kb2 58. Rb7+ Kc3 59. Ke4
Kd2 60. Rg7 c3 61. Rg2+ Kd1 62. Ke3 e4 63. Kxe4 c2 64. Kd3 c1=N+ {Game drawn by
mutual agreement} 1/2-1/2

[Event "Team 45 45 League T41"]
[Site "Internet Chess Club"]
[Date "2009.06.08"]
[Round "6"]
[White "TerryMalloy"]
[Black "Ben622"]
[Result "1/2-1/2"]
[WhiteElo "2025"]
[BlackElo "2047"]
[Opening "Grünfeld defense"]
[ECO "D80"]
[Time "18:31:20"]
[TimeControl "2700+45"]

1. d4 Nf6 2. c4 g6 3. Nc3 d5 4. e3 Bg7 5. Qb3 dxc4 6. Bxc4 O-O 7. Nf3 Nfd7 8.
O-O Nb6 9. Be2 Be6 10. Qc2 Nc6 11. b3 Nb4 12. Qd2 c5 13. Bb2 cxd4 14. exd4 Bg4
15. Rfd1 Rc8 16. Rac1 Qd7 17. Ne5 Bxe5 18. dxe5 Qxd2 19. Rxd2 Bxe2 20. Nxe2 Rcd8
21. Rcd1 Rxd2 22. Rxd2 Rc8 23. a3 N4d5 24. g3 e6 25. Kg2 Nd7 26. Kf3 b5 27. Nc1
{Game drawn by mutual agreement} 1/2-1/2

[Event "Team 45 45 League T41"]
[Site "Internet Chess Club"]
[Date "2009.06.07"]
[Round "6"]
[White "TOXIC-AVENGER"]
[Black "MeanMrMustard"]
[Result "1/2-1/2"]
[WhiteElo "1977"]
[BlackElo "1961"]
[Opening "Sicilian: Kan, 5.Nc3"]
[ECO "B43"]
[Time "11:00:06"]
[TimeControl "2700+45"]

1. e4 c5 2. Nf3 e6 3. d4 cxd4 4. Nxd4 a6 5. Nc3 Qc7 6. g3 Bc5 7. Bg2 Nc6 8. Nce2
e5 9. Nf5 g6 10. Nh6 Nxh6 11. Bxh6 Bf8 12. Be3 d6 13. O-O Bg7 14. c4 Bg4 15. f3
Be6 16. Rc1 O-O 17. Nc3 Qd8 18. Nd5 Bxd5 19. exd5 Nd4 20. b4 b5 21. c5 dxc5 22.
Rxc5 Rc8 23. f4 Nf5 24. Bf2 exf4 25. gxf4 Qd6 26. Qc2 Nd4 27. Qd2 Ne6 28. Be3
Nxc5 29. bxc5 Rxc5 30. Bxc5 Qxc5+ 31. Kh1 {Game drawn by mutual agreement}
1/2-1/2

[Event "Team 45 45 League T41"]
[Site "Internet Chess Club"]
[Date "2009.06.06"]
[Round "6"]
[White "mitus"]
[Black "BRAINWAVE"]
[Result "0-1"]
[WhiteElo "1726"]
[BlackElo "1725"]
[Opening "French defense"]
[ECO "C01"]
[Time "14:46:29"]
[TimeControl "2700+45"]

1. e4 e6 2. d4 b6 3. Nf3 Bb7 4. Bd3 g6 5. Bg5 Ne7 6. Bf6 Rg8 7. Qd2 Bg7 8. Bxg7
Rxg7 9. Qh6 Kf8 10. Ng5 Kg8 11. Nd2 Kh8 12. Ndf3 d6 13. Qh4 Qg8 14. O-O-O f6 15.
Nh3 g5 16. Qg4 f5 17. exf5 exf5 18. Bxf5 Nxf5 19. Qxf5 g4 20. Rhg1 Na6 21. Nfg5
gxh3 22. Ne6 Bc8 23. d5 Bxe6 24. dxe6 hxg2 25. Rde1 Re8 26. Qf6 Qf8 27. Qd4 c5
28. Qa4 Nb4 29. a3 Nd5 30. Qb3 Qf4+ 31. Kb1 Nc7 {White resigns} 0-1

[Event "Team 45 45 League T41"]
[Site "Internet Chess Club"]
[Date "2009.06.06"]
[Round "6"]
[White "Ptzz"]
[Black "makito"]
[Result "0-1"]
[WhiteElo "2089"]
[BlackElo "1868"]
[Opening "Grünfeld: modern exchange variation"]
[ECO "D85"]
[Time "12:00:15"]
[TimeControl "2700+45"]

1. d4 Nf6 2. c4 g6 3. Nc3 d5 4. cxd5 Nxd5 5. e4 Nxc3 6. bxc3 Bg7 7. Nf3 c5 8.
Rb1 Nc6 9. d5 Na5 10. c4 O-O 11. Be2 b6 12. Bd2 Nb7 13. Qc1 e5 14. Bh6 Qe7 15.
h4 f5 16. Bxg7 Qxg7 17. Nd2 Nd6 18. Bf3 Qf6 19. Qc2 Bd7 20. g3 h5 21. O-O g5 22.
hxg5 Qxg5 23. Qc3 Rae8 24. exf5 Bxf5 25. Rbe1 e4 26. Bg2 h4 27. Qe3 Qh5 28. Qf4
h3 29. Qxd6 hxg2 30. Kxg2 Bh3+ 31. Kg1 Bxf1 32. Kxf1 e3 33. Nf3 Rxf3 34. Rxe3
Rexe3 35. Qd8+ Re8 {White resigns} 0-1

[Event "Team 45 45 League T41"]
[Site "Internet Chess Club"]
[Date "2009.06.07"]
[Round "6"]
[White "besonegro"]
[Black "Zumbi"]
[Result "0-1"]
[WhiteElo "1723"]
[BlackElo "2052"]
[Opening "Queen's pawn game"]
[ECO "D04"]
[Time "13:14:23"]
[TimeControl "2700+45"]

1. d4 d5 2. Nf3 Nf6 3. e3 Bg4 4. Bd3 e6 5. Nbd2 c5 6. c3 Nbd7 7. h3 Bxf3 8. Nxf3
Bd6 9. O-O O-O 10. Re1 e5 11. dxe5 Nxe5 12. Nxe5 Bxe5 13. Qa4 a6 14. Qh4 Ne4 15.
Qh5 Qf6 16. f4 Bxc3 17. Re2 Ba5 18. Qxd5 Ng3 19. Rf2 Rad8 20. Qb3 Be1 21. Rf3 b5
22. Qc2 g6 23. Rb1 c4 24. Bf1 Rfe8 25. Kh2 Ne4 26. Qe2 Qh4 27. a4 Bg3+ 28. Kg1
Rd5 29. axb5 axb5 30. b3 Nc3 31. Qc2 Nxb1 32. Qxb1 c3 33. e4 Rc5 34. Qc2 Rb8 35.
Rxc3 Bf2+ 36. Kh1 Rbc8 37. Rxc5 Bxc5 38. Qe2 Qf2 39. Qxf2 Bxf2 40. Bb2 Rc2 41.
Ba3 b4 {White resigns} 0-1

[Event "Team 45 45 League T41"]
[Site "Internet Chess Club"]
[Date "2009.06.04"]
[Round "6"]
[White "pishd"]
[Black "Orinal"]
[Result "1/2-1/2"]
[WhiteElo "1737"]
[BlackElo "1601"]
[Opening "Queen's pawn, Mason variation"]
[ECO "D00"]
[Time "14:34:08"]
[TimeControl "2700+45"]

1. d4 d5 2. Bf4 Nf6 3. e3 Bf5 4. c4 c6 5. cxd5 cxd5 6. Nc3 e6 7. Qb3 b6 8. Bxb8
Rxb8 9. Qa4+ b5 10. Bxb5+ Nd7 11. Nf3 Bd6 12. O-O Ke7 13. Qxa7 Ra8 14. Qxd7+
Qxd7 15. Bxd7 Kxd7 16. Ne5+ Ke7 17. g4 Bg6 18. Nxg6+ hxg6 19. f4 Rh3 20. Rae1
Bb4 21. Rf2 Rxa2 22. Ree2 Ra7 23. Kg2 Rh8 24. Nb1 Rc7 25. Nd2 Rhc8 26. Nf3 f6
27. Nh4 Kf7 28. Nf3 {Game drawn by mutual agreement} 1/2-1/2

[Event "Team 45 45 League T41"]
[Site "Internet Chess Club"]
[Date "2009.06.08"]
[Round "6"]
[White "incachess"]
[Black "AntonioMendonca"]
[Result "0-1"]
[WhiteElo "1639"]
[BlackElo "1729"]
[Opening "King's Indian: fianchetto with ...Nc6"]
[ECO "E62"]
[Time "16:14:19"]
[TimeControl "2700+45"]

1. c4 Nf6 2. g3 g6 3. Bg2 Bg7 4. Nc3 O-O 5. d4 d6 6. Nf3 Nc6 7. Bf4 Nh5 8. Bg5
h6 9. Bh4 g5 10. Nxg5 hxg5 11. Bxg5 Bxd4 12. e3 Bxc3+ 13. bxc3 Ng7 14. h4 Qd7
15. Bh3 Qe8 16. g4 Ne5 17. h5 f6 18. Bh6 Nf7 19. Bxg7 Kxg7 20. Qd5 e6 21. Qe4
Ng5 22. Qf4 Qc6 23. h6+ Kh7 24. Ke2 e5 25. Qh2 Qxc4+ 26. Kd1 Qxc3 27. Ke2 Qc4+
28. Kd1 Nf3 29. Qg3 Qd3+ 30. Kc1 Qc3+ 31. Kb1 Nd2# {White checkmated} 0-1

[Event "Team 45 45 League T41"]
[Site "Internet Chess Club"]
[Date "2009.06.06"]
[Round "6"]
[White "eurander"]
[Black "KNVB"]
[Result "0-1"]
[WhiteElo "2232"]
[BlackElo "2379"]
[Opening "Queen's pawn game"]
[ECO "A46"]
[Time "11:15:30"]
[TimeControl "2700+45"]

1. d4 Nf6 2. Nf3 c5 3. c3 e6 4. Bg5 b6 5. e3 Bb7 6. Nbd2 Be7 7. Bd3 d6 8. O-O
Nbd7 9. Qe2 O-O 10. e4 h6 11. Bh4 Re8 12. Ba6 Bc6 13. a4 d5 14. e5 Ne4 15. Bxe7
Qxe7 16. Bb5 Bxb5 17. Qxb5 a6 18. Qe2 Nxd2 19. Qxd2 Rec8 20. Rfc1 c4 21. Qd1 Rc6
22. Nd2 Rac8 23. g3 Nb8 24. Ra2 R6c7 25. Kg2 Nc6 26. Qe2 Na5 27. Rca1 Qd7 28. f4
Rb7 29. Qf2 Nc6 30. Rf1 b5 31. axb5 Rxb5 32. f5 exf5 33. Qxf5 Qxf5 34. Rxf5 Rcb8
35. Rxa6 Ne7 36. Rf2 Rxb2 37. Ra7 R2b7 38. Ra5 Kf8 39. Nf1 Rb5 40. Ra7 Ke8 41.
Ne3 Rb3 42. Nf5 Nxf5 43. Rxf5 R8b7 44. Ra5 Rxc3 45. Rxd5 Rd3 46. Rf3 Rd2+ 47.
Rf2 c3 48. Rc5 Rbb2 {White resigns} 0-1

[Event "Team 45 45 League T41"]
[Site "Internet Chess Club"]
[Date "2009.06.04"]
[Round "6"]
[White "HomerSimpson"]
[Black "Gil-galad"]
[Result "0-1"]
[WhiteElo "2255"]
[BlackElo "2128"]
[Opening "Polish (Sokolsky) opening"]
[ECO "A00"]
[Time "13:56:27"]
[TimeControl "2700+45"]

1. b4 e5 2. Bb2 Bxb4 3. Bxe5 Nf6 4. c3 Be7 5. d4 Nc6 6. Nf3 Nxe5 7. dxe5 Ne4 8.
Nbd2 Nxd2 9. Qxd2 O-O 10. e3 d6 11. exd6 Bxd6 12. Be2 Bf5 13. O-O Qf6 14. Qd4
Qe7 15. Rfd1 Rfd8 16. Qa4 Bd7 17. Qb3 Bc6 18. c4 Bc5 19. Ne1 Rxd1 20. Rxd1 Rd8
21. Bf3 Bxf3 22. Nxf3 Rxd1+ 23. Qxd1 Qd6 24. Qxd6 Bxd6 25. Kf1 Kf8 26. Ke2 a6
27. Kd3 Ke7 28. Kd4 Kf6 29. c5 Be7 30. Kd5 c6+ 31. Kc4 g6 32. Kd4 Ke6 33. e4 f5
34. e5 g5 35. Nd2 Bd8 36. Nc4 g4 37. h3 h5 38. f3 gxh3 39. gxh3 Bh4 40. Na5 Bf2+
41. Kc4 Kxe5 42. Nxb7 Kf4 43. Nd8 Kg3 44. Nxc6 Kxh3 45. Nd4 Kg2 46. c6 Bg3 47.
Nxf5 Bc7 48. Kd5 Kxf3 49. Ke6 Kf4 50. a4 Ke4 51. Nh4 Kd4 52. Kd7 Bb6 53. c7 Bxc7
54. Kxc7 Kc5 {White forfeits on time} 0-1

[Event "Team 45 45 League T41"]
[Site "Internet Chess Club"]
[Date "2009.06.08"]
[Round "6"]
[White "gorgon"]
[Black "playwaycool"]
[Result "0-1"]
[WhiteElo "2052"]
[BlackElo "2124"]
[Opening "English opening"]
[ECO "A10"]
[Time "15:00:50"]
[TimeControl "2700+45"]

1. c4 g5 2. d4 Bg7 3. Bxg5 c5 4. Nf3 Nc6 5. Be3 Qb6 6. Nc3 cxd4 7. Nd5 Qxb2 8.
Bd2 Rb8 9. a4 Nf6 10. Nc7+ Kd8 11. Nb5 Ne4 12. Rb1 Qa2 13. Bf4 a6 14. Bxb8 axb5
15. cxb5 d3 16. Qb3 d2+ {White resigns} 0-1

[Event "Team 45 45 League T41"]
[Site "Internet Chess Club"]
[Date "2009.06.06"]
[Round "6"]
[White "Gregorio"]
[Black "JustinSane"]
[Result "1-0"]
[WhiteElo "2042"]
[BlackElo "2022"]
[Opening "English: symmetrical, Botvinnik system reversed"]
[ECO "A37"]
[Time "21:01:32"]
[TimeControl "2700+45"]

1. c4 c5 2. Nc3 Nc6 3. g3 g6 4. Bg2 Bg7 5. Nf3 e5 6. O-O Nge7 7. e3 O-O 8. Rb1
d6 9. a3 Bf5 10. d3 a6 11. b4 cxb4 12. axb4 b5 13. Nh4 Be6 14. Nd5 Rc8 15. Bd2
f5 16. Nxe7+ Nxe7 17. Bb7 bxc4 18. Bxa6 cxd3 19. Bxc8 Qxc8 20. Qa4 g5 21. Rfc1
Qb7 22. Ng2 Qe4 23. Ne1 g4 24. Qa7 Nc6 25. Rxc6 Qxc6 26. b5 Qe4 27. Rb4 Ra8 28.
Qe7 Bc4 29. b6 Qc6 30. Qc7 Bd5 31. Nxd3 Qxc7 32. bxc7 Rc8 33. Rb8 Be6 34. Nb4 d5
35. Nxd5 Bf8 36. Rxc8 Bxc8 37. Nb6 Bb7 38. c8=Q Bxc8 39. Nxc8 Bc5 40. Ba5 Kf7
41. Nb6 Ke6 42. Nc4 Kd5 43. Nd2 Be7 44. Kf1 h5 45. Bc7 h4 46. Ke2 hxg3 47. hxg3
Bg5 48. f4 gxf3+ 49. Nxf3 Bf6 50. Bb8 Ke4 51. Nd2+ Kd5 52. Kf3 Bd8 53. e4+ fxe4+
54. Nxe4 Kd4 55. g4 Be7 56. Ng3 Kd5 57. Ne4 Kd4 58. g5 Bxg5 59. Nxg5 e4+ 60.
Nxe4 Kd5 61. Ke3 Kc6 62. Kd4 Kb5 63. Nc5 Kc6 64. Kc4 Kb6 65. Bd6 Kc6 66. Ne4 Kb6
67. Kd5 Kb7 68. Kc5 Ka7 69. Kc6 Ka8 70. Nc5 Ka7 71. Nd7 Ka8 72. Nb6+ Ka7 73. Be5
Ka6 74. Bb8 Ka5 75. Nd5 Ka4 76. Kc5 Kb3 77. Nb4 Kc3 78. Bf4 Kb3 79. Be5 Ka4 80.
Kc4 Ka5 81. Bc7+ Ka4 82. Nd3 Ka3 83. Bb6 Ka4 84. Nb2+ Ka3 85. Kc3 Ka2 86. Kc2
Ka1 87. Nd3 Ka2 88. Bc5 Ka1 89. Bd6 Ka2 90. Nc1+ Ka1 91. Be5# {Black checkmated}
1-0

[Event "Team 45 45 League T41"]
[Site "Internet Chess Club"]
[Date "2009.06.06"]
[Round "6"]
[White "PandorasBox"]
[Black "syy89"]
[Result "1/2-1/2"]
[WhiteElo "2221"]
[BlackElo "2115"]
[Opening "Trompowsky attack (Ruth, Opocenský opening)"]
[ECO "A45"]
[Time "16:06:06"]
[TimeControl "2700+45"]

1. d4 Nf6 2. Bg5 c5 3. d5 Qb6 4. b3 d6 5. Bxf6 gxf6 6. Nf3 f5 7. c3 Bg7 8. Qc2
Na6 9. Qd2 Bd7 10. e3 O-O-O 11. Bc4 Bb5 12. Na3 {Game drawn by mutual agreement}
1/2-1/2

[Event "Team 45 45 League T41"]
[Site "Internet Chess Club"]
[Date "2009.06.04"]
[Round "6"]
[White "Pason"]
[Black "izit"]
[Result "0-1"]
[WhiteElo "2096"]
[BlackElo "2177"]
[Opening "King's Indian: Petrosian system, Stein variation"]
[ECO "E92"]
[Time "13:01:22"]
[TimeControl "2700+45"]

1. d4 Nf6 2. Nf3 g6 3. c4 Bg7 4. Nc3 O-O 5. e4 d6 6. Be2 e5 7. d5 a5 8. O-O Na6
9. Ne1 Nc5 10. f3 Nh5 11. Nd3 b6 12. Be3 f5 13. Nxc5 bxc5 14. Qd2 f4 15. Bf2 g5
16. g4 fxg3 17. hxg3 Bh3 18. Rfe1 g4 19. fxg4 Qf6 20. Rf1 Nf4 21. gxf4 exf4 22.
Bf3 Qg5 23. Qe2 Be5 24. Kh2 Bxg4 25. Rg1 Qh5+ 26. Bh4 Qxh4+ 27. Kg2 Qh3+ 28. Kf2
Bd4+ 29. Ke1 Bxg1 30. Bxg4 Qg3+ {White resigns} 0-1

[Event "Team 45 45 League T41"]
[Site "Internet Chess Club"]
[Date "2009.06.05"]
[Round "6"]
[White "kingcapture"]
[Black "nardz"]
[Result "1-0"]
[WhiteElo "2258"]
[BlackElo "2090"]
[Opening "Sicilian: Najdorf, 6.f4"]
[ECO "B93"]
[Time "19:00:04"]
[TimeControl "2700+45"]

1. e4 c5 2. Nf3 d6 3. d4 cxd4 4. Nxd4 Nf6 5. Nc3 a6 6. f4 Qc7 7. Bd3 g6 8. Nf3
Nbd7 9. O-O Bg7 10. Qe1 O-O 11. e5 dxe5 12. fxe5 Ng4 13. e6 Qb6+ 14. Kh1 Qxe6
15. Qh4 Ngf6 16. h3 Qc6 17. Bh6 b5 18. Ng5 Bb7 19. Nce4 Nh5 20. Bxg7 Kxg7 21.
Rf2 f5 22. Ng3 Nxg3+ 23. Qxg3 e5 24. Raf1 e4 25. Be2 h6 26. Nf3 exf3 27. Bxf3
Qb6 28. Rd2 Nf6 29. Rd6 Qc7 30. Bh5 Qf7 31. Rxf5 Qe8 32. Re5 Nxh5 33. Qc3 Rc8
34. Re7+ Kg8 35. Qb3+ Kh8 36. Rxe8 Rcxe8 37. Qc3+ Kg8 38. Rxg6+ Kf7 39. Rxh6 Rg8
40. Rxh5 Rxg2 41. Qc7+ Re7 42. Rf5+ Kg6 43. Qxe7 {Black resigns} 1-0

[Event "Team 45 45 League T41"]
[Site "Internet Chess Club"]
[Date "2009.06.06"]
[Round "6"]
[White "Rookmaster"]
[Black "Chessduke"]
[Result "0-1"]
[WhiteElo "1849"]
[BlackElo "2151"]
[Opening "Scandinavian (center counter) defense"]
[ECO "B01"]
[Time "14:00:16"]
[TimeControl "2700+45"]

1. e4 d5 2. Nc3 dxe4 3. Nxe4 Bf5 4. Ng3 Bg6 5. Nf3 Nd7 6. Bc4 Ngf6 7. h4 h6 8.
d4 c6 9. c3 Qc7 10. h5 Bh7 11. O-O e6 12. Re1 Bd6 13. Qb3 O-O 14. Be3 Bxg3 15.
fxg3 Qxg3 16. Bf2 Qc7 17. Ne5 Nxe5 18. Rxe5 Ng4 19. Rae1 Nxe5 20. Rxe5 Qb6 21.
Qa3 Qd8 22. b4 Bf5 23. Qc1 Qg5 24. Qd1 Rfe8 25. Bd3 Qf6 26. Be2 Rad8 27. Bg3 Rd5
28. Re3 Qg5 29. Kf2 Bh7 30. Be5 f6 31. Rg3 Qf5+ 32. Rf3 Qc2 33. Qxc2 Bxc2 34.
Bf4 e5 35. Be3 exd4 36. Bxd4 Rf5 37. Rxf5 Bxf5 38. g4 Rxe2+ {White resigns} 0-1

[Event "Team 45 45 League T41"]
[Site "Internet Chess Club"]
[Date "2009.06.06"]
[Round "6"]
[White "Uwak"]
[Black "SlimeDog2"]
[Result "1-0"]
[WhiteElo "2427"]
[BlackElo "2210"]
[Opening "English: Anglo-Grünfeld, Smyslov defense"]
[ECO "A16"]
[Time "23:00:15"]
[TimeControl "2700+45"]

1. c4 Nf6 2. Nc3 d5 3. cxd5 Nxd5 4. g3 g6 5. Bg2 Nxc3 6. bxc3 Bg7 7. Qb3 c6 8.
d4 O-O 9. Nf3 Nd7 10. a4 e5 11. Ba3 Re8 12. e3 exd4 13. cxd4 Qb6 14. Qc4 Nf6 15.
O-O Be6 16. Qe2 Bd5 17. Rab1 Qc7 18. Rfc1 Bf8 19. Bxf8 Kxf8 20. Ne5 Bxg2 21.
Kxg2 Re7 22. Qf3 Kg7 23. Nxc6 bxc6 24. Rxc6 Qxc6 25. Qxc6 Rd8 26. a5 Re6 27. Qb7
Rd7 28. Qc8 Rd5 29. Rb7 {Black resigns} 1-0

[Event "Team 45 45 League T41"]
[Site "Internet Chess Club"]
[Date "2009.06.07"]
[Round "6"]
[White "cillu"]
[Black "freestyle"]
[Result "0-1"]
[WhiteElo "2223"]
[BlackElo "2349"]
[Opening "Benkö gambit half accepted"]
[ECO "A57"]
[Time "16:01:19"]
[TimeControl "2700+45"]

1. d4 Nf6 2. c4 c5 3. d5 b5 4. cxb5 a6 5. b6 d6 6. Nc3 g6 7. a4 a5 8. e4 Bg7 9.
Bb5+ Bd7 10. Nf3 O-O 11. Nd2 Bxb5 12. axb5 Nbd7 13. Nc4 Nxb6 14. Nxa5 Rxa5 15.
Rxa5 Nbxd5 16. Ra6 Nxc3 17. bxc3 Nxe4 18. Bd2 Nxc3 19. Qb3 Ne4 20. Ba5 Qc8 21.
O-O c4 22. Qc2 d5 23. Rc6 Qf5 24. b6 Bd4 25. b7 Rb8 26. Bb6 Bxb6 27. Rxb6 Qd7
28. Qa2 Qc7 29. Qa6 c3 30. Rc6 Qxb7 31. Qxb7 Rxb7 32. f3 Nd2 33. Re1 d4 34. Rxe7
{White resigns} 0-1

[Event "Team 45 45 League T41"]
[Site "Internet Chess Club"]
[Date "2009.06.05"]
[Round "6"]
[White "mcplayerus"]
[Black "BigTweeds"]
[Result "1-0"]
[WhiteElo "2102"]
[BlackElo "2093"]
[Opening "Catalan: open, 5.Nf3"]
[ECO "E04"]
[Time "16:00:11"]
[TimeControl "2700+45"]

1. d4 d5 2. Nf3 Nf6 3. c4 e6 4. g3 dxc4 5. Bg2 Nbd7 6. O-O c5 7. Nc3 a6 8. e4 b5
9. e5 Nd5 10. Nxd5 exd5 11. Ng5 Nb6 12. f4 Be7 13. Be3 cxd4 14. Qxd4 Rb8 15.
Rad1 Bxg5 16. fxg5 Be6 17. h4 O-O 18. Rf2 Qc7 19. Rdf1 Rfd8 20. h5 Nd7 21. Qh4
Nc5 22. Bxc5 Qxc5 23. g6 fxg6 24. hxg6 hxg6 25. Bh3 Bxh3 26. Qxh3 Qe3 27. Qe6+
Kh7 28. Kg2 Qe4+ 29. Rf3 Qe2+ 30. R1f2 Qe4 31. Kg1 Qe1+ 32. Rf1 Qe2 33. g4 Kh6
34. Rh3+ Kg5 35. Rf5+ Kxg4 36. Rff3+ Kg5 37. Rhg3+ Kh6 38. Qh3# {Black
checkmated} 1-0

[Event "Team 45 45 League T41"]
[Site "Internet Chess Club"]
[Date "2009.06.06"]
[Round "6"]
[White "gyoung"]
[Black "pestka"]
[Result "1/2-1/2"]
[WhiteElo "2313"]
[BlackElo "2198"]
[Opening "Sicilian, Szén, hedgehog variation"]
[ECO "B44"]
[Time "15:01:03"]
[TimeControl "2700+45"]

1. e4 c5 2. Nf3 Nc6 3. d4 cxd4 4. Nxd4 e6 5. Nb5 d6 6. c4 Nf6 7. N1c3 a6 8. Na3
Be7 9. Be2 O-O 10. O-O b6 11. Be3 Bb7 12. f3 Ne5 13. Qe1 Qc7 14. Rc1 Rac8 15.
Qg3 Kh8 16. Rfd1 Qb8 17. Na4 Ned7 18. Qf2 Bc6 19. Nxb6 Nxb6 20. Bxb6 Nd7 21. Bd4
e5 22. Bc3 d5 23. cxd5 Bc5 24. Bd4 Bxd4 25. Rxd4 exd4 26. dxc6 Qxb2 27. Rb1 Qxa3
28. cxd7 Rc1+ 29. Rxc1 Qxc1+ 30. Bf1 Rd8 31. Qxd4 Qc6 32. Qa7 Qxd7 33. Qxd7 Rxd7
34. Bxa6 Rd1+ 35. Kf2 Rd2+ 36. Kg3 Rxa2 37. Bc4 Ra7 38. Kf4 g6 39. Ke3 Kg7 40.
f4 Ra3+ 41. Kd4 Ra1 42. e5 Rg1 43. Bd5 Rd1+ 44. Kc4 Rd2 45. Bf3 h5 46. h4 Kf8
47. Kc3 Ra2 48. Kd3 Ke7 49. Ke3 f6 50. exf6+ Kxf6 51. Be4 Ra3+ 52. Bd3 Rc3 53.
Kd4 Rc1 54. Ke3 Rh1 55. g3 Rd1 56. Be4 Ra1 57. Bd3 Ra2 58. Be4 Ra3+ 59. Bd3 Rb3
60. Kd4 Rb2 61. Ke3 Ra2 62. Be4 {Game drawn by mutual agreement} 1/2-1/2